 Dungeon Crawl Stone Soup version 0.29.0 (webtiles) character file.

Game seed: 1927977615058387931

340145 bonscott the Markself (level 21, -4/283 HPs)
             Began as a Deep Elf Necromancer on Sept 10, 2022.
             Was an Initiate of Gozag.
             Killed from afar by a guardian serpent (6 damage)
             ... with a bolt of poison
             ... in the Desolation of Salt on Sept 11, 2022.
             The game lasted 08:33:09 (84062 turns).

bonscott the Markself (Deep Elf Necromancer)       Turns: 84062, Time: 08:33:10

Health: -4/283     AC: 30    Str:  5    XL:     21   Next: 6%
Magic:  36/43      EV:  2    Int: 32    God:    Gozag
Gold:   2939       SH:  0    Dex: 21    Spells: 2/53 levels left

rFire   . . .      SeeInvis .   c - +5 long sword (holy)
rCold   + . .      Faith    .   (no shield)
rNeg    . . .      Spirit   .   (body armour currently unavailable)
rPois   +          Reflect  .   (helmet currently unavailable)
rElec   .          Harm     .   (cloak currently unavailable)
rCorr   .          Rampage  .   (gloves currently unavailable)
Will    ++...      NoTele   +   (boots currently unavailable)
Stlth   ..........              i - amulet of regeneration
HPRegen 1.37/turn               T - +6 ring of dexterity
MPRegen 0.28/turn               h - ring of protection from cold

@: berserking (expiring), lethally poisoned (-4 -> -14), tree-form, very quick
A: stationary, stasis, torment immunity, boosted hp
}: 2/15 runes: barnacled, gossamer
a: Renounce Religion, Potion Petition, Call Merchant, Bribe Branch


You were in the Desolation of Salt.
You worshipped Gozag.
Gozag was most pleased with you.
You were a tree.
You visited 8 branches of the dungeon, and saw 38 of its levels.
You visited the Abyss 1 time.
You also visited: Ossuary and Desolation.

You collected 16016 gold pieces.
You spent 1096 gold pieces at shops.
You paid 11981 gold pieces to Gozag.

Inventory:

Hand Weapons
 a - a +6 longbow of flaming
 b - a +4 longbow of freezing
 c - a +5 long sword of holy wrath (weapon)
 V - the +7 shortbow "Aderghuu" {vorpal, rElec rPois Int-4 Dex+5}
   (You bought it in a shop on level 2 of the Shoals)

   Any ammunition fired from it inflicts extra damage upon your enemies.
   Int:       It affects your intelligence (-4).
   Dex:       It affects your dexterity (+5).
   rElec:     It insulates you from electricity.
   rPois:     It protects you from poison.
Missiles
 d - 19 curare-tipped darts
 F - 13 silver javelins
Armour
 o - a +1 helmet (melded)
 A - a +0 kite shield of reflection
 K - a +1 cloak (melded)
 M - the +1 pair of gloves of the Storm King (melded) {+Inv Int-2 Dex+3}
   (You found it on level 1 of the Spider Nest)

   Int:       It affects your intelligence (-2).
   Dex:       It affects your dexterity (+3).
   +Inv:      It lets you turn invisible.
 P - +4 acid dragon scales (melded)
Magical Staves
 k - a staff of death
Jewellery
 h - a ring of protection from cold (right branch)
 i - an amulet of regeneration (around neck)
 p - a ring of protection from fire
 x - a ring of poison resistance
 Q - a ring of wizardry
 S - a ring of see invisible
 T - a +6 ring of dexterity (left branch)
Wands
 e - a wand of quicksilver (5)
 n - a wand of charming (7)
 y - a wand of mindburst (10)
 G - a wand of digging (14)
 J - a wand of iceblast (8)
Scrolls
 j - 4 scrolls of immolation
 l - 3 scrolls of poison
 u - a scroll of blinking
 v - 2 scrolls of silence
 C - 10 scrolls of teleportation
 H - 4 scrolls of summoning
 R - 2 scrolls of fog
 Y - 2 scrolls of magic mapping
Potions
 f - a potion of resistance
 g - 16 potions of curing
 m - 3 potions of might
 s - a potion of invisibility
 t - 2 potions of berserk rage
 z - 8 potions of lignification
 D - 9 potions of ambrosia
 I - 5 potions of brilliance
 L - 2 potions of haste
 N - 2 potions of cancellation
 O - 9 potions of flight
Miscellaneous
 q - a condenser vane
 w - a lightning rod (4/4)
 B - a phial of floods
 E - a tin of tremorstones (2/2)
 U - a box of beasts
 X - a phantom mirror


   Skills:
 + Level 11.8 Fighting
 - Level 17.6 Ranged Weapons
 - Level 12.0 Armour
 + Level 10.0 Dodging
 - Level 2.4 Stealth
 - Level 4.0 Shields
 + Level 16.7 Spellcasting
 - Level 8.0 Conjurations
 - Level 5.6 Hexes
 - Level 4.7 Summonings
 - Level 14.5 Necromancy
 - Level 4.1 Transmutations
 + Level 13.9 Fire Magic
 + Level 14.0 Ice Magic
 - Level 6.1 Air Magic
 - Level 11.9 Earth Magic
 - Level 10.2 Evocations


You had 2 spell levels left.
You knew the following spells:

 Your Spells              Type           Power      Damage    Failure   Level
a - Apportation           Tloc           52%        N/A       1%          1
b - Fireball              Conj/Fire      38%        3d16      1%          5
d - Death Channel         Necr           44%        N/A       1%          6
f - Freezing Cloud        Conj/Ice/Air   36%        6-21      1%          5
h - Anguish               Hex/Necr       37%        N/A       1%          4
i - Necrotise             Necr           100%       1d9       0%          1
m - Vampiric Draining     Necr           88%        2d12      0%          3
o - Ozocubu's Refrigerat  Ice            43%        4d17      4%          7
r - Lee's Rapid Deconstr  Erth           40%        3d21*     1%          5
u - Dispel Undead         Necr           88%        3d28      1%          4
v - Borgnjor's Vile Clut  Necr/Erth      42%        N/A       1%          5
y - Agony                 Necr           88%        N/A       1%          5

Your spell library contained the following spells:

 Spells                   Type           Power      Damage    Failure   Level
 Foxfire                  Conj/Fire      100%       2x1d9     0%          1
 Freeze                   Ice            100%       1d11      0%          1
 Magic Dart               Conj           100%       1d8       1%          1
 Summon Small Mammal      Summ           100%       N/A       1%          1
 Call Imp                 Summ           55%        N/A       1%          2
 Ensorcelled Hibernation  Hex/Ice        100%       N/A       1%          2
 Static Discharge         Conj/Air       64%        3-11/arc  1%          2
 Frozen Ramparts          Ice            100%       1d16      0%          3
 Call Canine Familiar     Summ           55%        N/A       1%          3
 Conjure Flame            Conj/Fire      77%        6-21      1%          3
 Ignite Poison            Fire/Tmut/Pois 60%        N/A       1%          3
 Mephitic Cloud           Conj/Pois/Air  54%        N/A       1%          3
 Portal Projectile        Hex/Tloc       88%        N/A       1%          3
 Spider Form              Tmut/Pois      40%        N/A       1%          3
 Summon Guardian Golem    Hex/Summ       56%        N/A       1%          3
 Tukima's Dance           Hex            58%        N/A       1%          3
 Cause Fear               Hex            29%        N/A       1%          4
 Fulminant Prism          Conj/Hex       31%        3d16      1%          4
 Hailstorm                Conj/Ice       77%        3d16      1%          4
 Leda's Liquefaction      Hex/Erth       35%        N/A       1%          4
 Sticky Flame             Conj/Fire      77%        2d9       1%          4
 Summon Ice Beast         Ice/Summ       72%        N/A       1%          4
 Iskenderun's Mystic Bla  Conj/Tloc      51%        2d11      3%          4
 Gell's Gravitas          Tloc           26%        N/A       4%          3
 Lesser Beckoning         Tloc           26%        N/A       4%          3
 Teleport Other           Tloc           26%        N/A       4%          3
 Summon Mana Viper        Hex/Summ       56%        N/A       4%          5
 Yara's Violent Unravell  Hex/Tmut       27%        3d12      6%          5
 Olgreb's Toxic Radiance  Pois           26%        N/A       16%         4
 Passage of Golubria      Tloc           26%        N/A       16%         4
 Alistair's Intoxication  Tmut/Pois      26%        N/A       19%         5
 Haunt                    Necr/Summ      36%        N/A       26%         7
 Borgnjor's Revivificati  Necr           44%        N/A       26%         8
 Infestation              Necr           44%        N/A       26%         8
 Ignition                 Fire           43%        3d12      32%         8
 Eringya's Noxious Bog    Tmut/Pois      20%        N/A       69%         6
 Enfeeble                 Hex            29%        N/A       78%         7
 Monstrous Menagerie      Summ           27%        N/A       88%         7
 Necromutation            Tmut/Necr      36%        N/A       91%         8
 Dispersal                Tloc           13%        N/A       93%         6
 Dragon Form              Tmut           26%        N/A       93%         7
 Death's Door             Necr           44%        N/A       99%         9
 Disjunction              Tloc           13%        N/A       100%        8
 Dragon's Call            Summ           27%        N/A       100%        9
 Fire Storm               Conj/Fire      38%        8d10      100%        9
 Animate Dead             Necr           Unusable   N/A       N/A         4
 Corpse Rot               Necr/Pois/Air  Unusable   N/A       N/A         4

Dungeon Overview and Level Annotations

Branches:
Dungeon (15/15)            Temple (1/1) D:7            Lair (5/5) D:10
 Shoals (4/4) Lair:3       Spider (4/4) Lair:3        Slime (0/5) Lair:4
    Orc (2/2) D:11            Elf (3/3) Orc:2        Vaults (4/5) D:14
  Crypt (0/3) Vaults:3     Depths (0/4) D:15        Ossuary (visited)
Desolation (1/1)

Altars:
Ashenzari
Cheibriados
Dithmenos
Elyvilon
Fedhas
Gozag
Hepliaklqana
Kikubaaqudgha
Makhleb
Nemelex Xobeh
Okawaru
Qazlal
Ru
Sif Muna
Trog
Uskayaw
Vehumet
Wu Jian
Xom
Yredelemnul
Zin
The Shining One
Jiyva

Shops:
D:4 *   D:7 [   D:14 *   D:15 *   Orc:1 ?   Orc:2 :(*   Elf:3 [   Shoals:1 !
Shoals:2 ([?:[   Vaults:3 *

Annotations:
Vaults:2 Xtahua


Message History

The saltling hits you!
* * * LOW HITPOINT WARNING * * *
The saltling hits you but does no damage.
You slash the saltling!
The saltling is moderately damaged.
You feel very sick.
The saltling hits you but does no damage. x8
The saltling hits you.
* * * LOW HITPOINT WARNING * * *
The saltling hits you but does no damage.
You hit the saltling.
The saltling is heavily damaged.
You feel sick.
The guardian serpent coils itself and waves its upper body at you.
The saltling hits you!
* * * LOW HITPOINT WARNING * * *
The saltling hits you!
* * * LOW HITPOINT WARNING * * *
The saltling hits you!
* * * LOW HITPOINT WARNING * * *
The saltling hits you but does no damage. x2
The saltling hits you.
* * * LOW HITPOINT WARNING * * *
The saltling hits you but does no damage.
Unknown command.
Unknown command.
You hit the saltling.
You punch the saltling, but do no damage.
The saltling is heavily damaged.
You feel sick.
The saltling hits you but does no damage. x2
The ragged hierophant points at you and mumbles some strange words.
A blast of power from the earth and the saltlings strikes you!
* * * LOW HITPOINT WARNING * * *
The guardian serpent coils itself and waves its upper body at you.
The bolt of poison misses the saltling.
The bolt of poison hits you.
You are lethally poisoned!
You resist.
You die...
Your body crumbles into a pile of gold.

....... ..... .......
............... .......
#......#........
...............#.......9
........................
.......#................
......99#..§.§..∩.......
.....a9♣9..§.§.§§§..§§..
......999...§.§§§§§.....
.......S...§..§§§9§.....
.........§§§.§§§§§§. ...
.........§§§§.§§§§§... .
.........§§§.§§.§§§§§...
..........§§§§§.§§.S§...
#........#§§..#§........
.....§§99§....#99.


You could see a ragged hierophant, a guardian serpent (sheltered) and 7
saltlings.

Vanquished Creatures
  A bone dragon (Vaults:3)
  Jorgrun (Shoals:2)
  Rupert (D:14)
  Mlioglotl (Spider:1)
  A lich (Vaults:2)
  2 deep elf blademasters (Elf:3)
  3 sphinxes
  The ghost of iishen the Markscentaur, an adept CeHu of Okawaru (Spider:3)
  Polyphemus (Shoals:3)
  A storm dragon (Vaults:3)
  Donald (Spider:3)
  8 vault wardens
  Aizul (Vaults:2)
  A deep elf sorcerer (Elf:3)
  3 emperor scorpions
  A caustic shrike zombie (D:15)
  An orc warlord (Vaults:1)
  7 ghost moths
  4 very ugly things
  4 broodmothers
  11 ironbound preservers
  11 ironbound thunderhulks
  2 deep elf demonologists (Elf:3)
  3 deep elf annihilators
  6 spark wasps
  Azrael (D:14)
  The ghost of Toastz the Fighter, a journeyman DjVM of Makhleb (Lair:2)
  6 entropy weavers
  8 dire elephants
  3 minotaurs (Shoals:4)
  A deep elf death mage (Elf:3)
  A merfolk impaler (Shoals:4)
  A merfolk javelineer (Shoals:4)
  7 yaktaur captains
  A deep elf high priest (Elf:3)
  17 boulder beetles
  5 vault guards
  10 hydras
  3 ghost crabs (Vaults:3)
  2 catoblepae
  A great orb of eyes (Vaults:1)
  A spriggan skeleton (Vaults:3)
  A jorogumo (Spider:4)
  Erolcha (D:9)
  6 ironbound frosthearts
  3 ogre magi (D:15)
  8 satyrs (Shoals:4)
  11 centaur warriors
  11 two-headed ogres
  4 radroaches
  2 merfolk aquamancers (Shoals:2)
  2 merfolk avatars
  5 alligator snapping turtles
  2 tengu warriors
  17 death yaks
  A deep troll shaman (Lair:5)
  A titan zombie (D:15)
  25 dancing weapons
  12 deep elf knights
  4 orc high priests (Orc:2)
  Amaemon (D:9)
  2 skeletal warriors (D:15)
  4 pharaoh ants
  11 sea snakes
  A flayed ghost (D:15)
  A sun moth (Spider:1)
  6 steelbarb worms
  26 deep trolls
  3 glowing orange brains
  13 deep elf archers
  5 wizards
  2 necromancers
  11 orb spiders
  10 ironbound convokers
  23 deep elf pyromancers
  13 lindwurms
  9 orc knights
  Pikel (D:9)
  24 deep elf zephyrmancers
  22 harpies
  14 wolf spiders
  A shadow dragon skeleton (Vaults:3)
  6 orc sorcerers (Orc:2)
  15 cyclopes
  2 oklob plants
  24 ugly things
  25 manticores
  28 elephants
  4 moths of wrath
  7 merfolk sirens
  Maurice (D:9)
  8 fauns (Shoals:4)
  A gargoyle (D:13)
  5 water nymphs
  4 black mambas (Lair:4)
  A storm dragon simulacrum (Vaults:3)
  19 cane toads
  10 torpor snails
  13 vault sentinels
  Maggie (D:7)
  A freezing wraith (D:15)
  2 rime drakes
  An unseen horror (D:12)
  An orange demon (D:9)
  2 efreet
  21 demonic crawlers
  A tormentor (Abyss:2)
  20 yaktaurs
  2 kobold demonologists
  A tengu conjurer (D:14)
  7 komodo dragons
  4 trolls
  A golden dragon simulacrum (Vaults:3)
  A meliai (D:14)
  23 merfolk
  5 polar bears
  Grinder (D:4)
  A tengu simulacrum (Vaults:3)
  8 hornets
  36 tarantellas
  3 wind drakes
  Prince Ribbit (Lair:1)
  23 slime creatures
  12 blink frogs
  10 snapping turtles
  13 dream sheep
  A spriggan zombie (D:15)
  32 jumping spiders
  A jumping spider (shapeshifter) (Elf:3)
  3 shadows (D:11)
  6 air elementals
  10 water elementals
  24 culicivoras
  3 wyverns
  A basilisk (shapeshifter) (D:14)
  5 fire elementals
  4 wraiths
  26 yaks
  4 small abominations
  4 basilisks
  A steam dragon (D:6)
  64 redbacks
  11 vampire mosquitoes
  5 wargs
  An acid dragon (D:10)
  3 hell hounds (D:14)
  16 water moccasins
  2 glowing shapeshifter skeletons
  2 ice beasts
  21 orc warriors
  5 black bears
  3 sky beasts
  A black bear (shapeshifter) (D:13)
  15 wolves
  8 boggarts
  5 centaurs
  10 ogres
  A phantom (D:4)
  5 kobold brigands
  Blork the orc (D:5)
  2 earth elementals
  18 bullfrogs
  2 necrophages
  4 gnoll sergeants
  4 scorpions
  7 killer bees
  6 electric eels
  6 howler monkeys
  16 orc priests
  2 gnoll boudas (D:5)
  3 hounds
  6 jellies
  3 iron imps (D:4)
  Natasha (thrice) (D:3)
  4 iguanas
  16 orc wizards
  A polar bear simulacrum (Lair:5)
  2 yak simulacra (Lair:5)
  6 wolf simulacra (Lair:5)
  8 ogre zombies (D:11)
  A human simulacrum (D:10)
  2 mummies
  28 gnolls
  6 adders
  A shadow imp (D:5)
  2 white imps
  An ufetubus (D:6)
  3 worms (D:5)
  A dart slug (D:4)
  49 orcs
  11 endoplasms
  3 giant cockroaches (D:1)
  5 hobgoblins
  30 kobolds
  4 quokkas
  6 ball pythons
  4 bats (D:3)
  A frilled lizard (D:1)
  6 goblins
  A goblin skeleton (D:11)
  A goblin zombie (D:11)
  3 hobgoblin zombies
  5 orc skeletons (D:11)
  15 orc zombies (D:11)
  3 rats (D:1)
  2 river rat simulacra (Lair:5)
  A bush (Lair:1)
  A lurking horror (Abyss:2)
1459 creatures vanquished.

Vanquished Creatures (collateral kills)
  An ice beast (D:5)
  2 wolves (Lair:3)
  An orc priest (Orc:1)
  An orc wizard (Orc:1)
  An orc (Orc:1)
  An endoplasm (D:1)
  A ball python (D:2)
8 creatures vanquished.

Vanquished Creatures (others)
  3 deep elf knights
  A yaktaur (Vaults:1)
  A troll (Orc:1)
  A basilisk (D:14)
  A meliai simulacrum (D:14)
  An orc warrior (Orc:1)
  A wolf (Lair:3)
  2 orc priests (Orc:2)
  An orc wizard (Orc:2)
  A human simulacrum (D:10)
  An orc (Orc:2)
  32 fungi
  196 plants
  21 withered plants
263 creatures vanquished.

Grand Total: 1730 creatures vanquished

Notes
Turn   | Place    | Note
-------+----------+-------------------------------------------
     0 | D:1      | bonscott the Deep Elf Necromancer began the quest for the
                  | Orb.
     0 | D:1      | Reached XP level 1. HP: 10/10 MP: 6/6
   153 | D:1      | Reached skill level 5 in Necromancy
   247 | D:1      | Reached XP level 2. HP: 15/15 MP: 5/8
   608 | D:1      | Reached XP level 3. HP: 19/19 MP: 7/10
  1759 | D:3      | Learned a level 3 spell: Vampiric Draining
  1817 | D:3      | Reached XP level 4. HP: 22/24 MP: 7/12
  1911 | D:3      | Found a faded altar of an unknown god.
  1967 | D:3      | Noticed Natasha
  1973 | D:3      | Killed Natasha
  1974 | D:3      | Reached skill level 5 in Spellcasting
  1990 | D:3      | Noticed Natasha
  2007 | D:3      | Killed Natasha
  2181 | D:3      | Noticed Natasha
  2185 | D:3      | Killed Natasha
  2186 | D:3      | Reached XP level 5. HP: 25/28 MP: 11/15
  2359 | D:4      | Found a sand-covered staircase.
  2363 | Ossuary  | Entered an ossuary
  2808 | D:4      | Reached XP level 6. HP: 32/32 MP: 6/17
  3053 | D:4      | Noticed Grinder
  3118 | D:4      | Reached skill level 1 in Armour
  3201 | D:4      | Found Qevecsioro's Fire Supplies.
  3391 | D:4      | Found a burning altar of Makhleb.
  3686 | D:5      | Entered Level 5 of the Dungeon
  3744 | D:5      | Reached XP level 7. HP: 36/36 MP: 19/19
  3977 | D:5      | Noticed Blork the orc
  3990 | D:5      | HP: 1/36 [Blork the orc/+0 scimitar (10)]
  3991 | D:5      | Killed Blork the orc
  5350 | D:5      | Reached XP level 8. HP: 35/41 MP: 2/22
  6187 | D:5      | Noticed a two-headed ogre
  7836 | D:6      | Reached XP level 9. HP: 44/45 MP: 12/24
  7937 | D:6      | Reached skill level 10 in Spellcasting
  7937 | D:6      | Reached skill level 10 in Necromancy
  8351 | D:7      | Noticed Maggie
  8366 | D:7      | Killed Maggie
  8367 | D:7      | Reached skill level 1 in Fighting
  8367 | D:7      | Reached skill level 5 in Armour
  8449 | D:7      | Learned a level 5 spell: Agony
  8762 | D:7      | Found Dewnogia's Antique Armour Shoppe.
  8945 | D:7      | Found a staircase to the Ecumenical Temple.
  8954 | Temple   | Entered the Ecumenical Temple
  8959 | Temple   | Became a worshipper of Gozag Ym Sagoz the Greedy
  9349 | D:8      | Found a shadowy altar of Dithmenos.
  9557 | D:8      | Found a white marble altar of Elyvilon.
  9581 | D:8      | Noticed a cyclops
  9674 | D:8      | Reached skill level 1 in Hexes
  9674 | D:8      | Reached skill level 1 in Summonings
  9717 | D:8      | Noticed a two-headed ogre
  9725 | D:8      | Found a hide-covered altar of Uskayaw.
  9726 | D:8      | Found a basalt altar of Yredelemnul.
  9793 | D:8      | Reached skill level 1 in Evocations
  9793 | D:8      | Found a sacrificial altar of Ru.
  9964 | D:8      | Killed a cyclops
  9965 | D:8      | Reached XP level 10. HP: 45/56 MP: 10/27
 10328 | D:4      | Paralysed by Grinder for 5 turns
 10338 | D:4      | Killed Grinder
 10691 | D:5      | Killed a two-headed ogre
 10854 | D:8      | Killed a two-headed ogre
 10940 | D:8      | Learned a level 3 spell: Summon Guardian Golem
 11450 | D:9      | Noticed Maurice
 11460 | D:9      | Killed Maurice
 11774 | D:9      | Noticed Pikel
 11783 | D:9      | Killed Pikel
 11784 | D:9      | Reached skill level 5 in Hexes
 11840 | D:9      | Noticed an orange demon
 11844 | D:9      | Noticed Amaemon
 11919 | D:9      | Noticed Erolcha
 12000 | D:9      | Killed Erolcha
 12206 | D:9      | Paralysed by a hornet for 2 turns
 12209 | D:9      | Reached XP level 11. HP: 46/60 MP: 11/29
 13013 | D:9      | Killed Amaemon
 13014 | D:9      | Reached skill level 1 in Ranged Weapons
 13195 | D:10     | Entered Level 10 of the Dungeon
 13226 | D:10     | Found a staircase to the Lair.
 13409 | D:10     | Reached skill level 2 in Ranged Weapons
 13409 | D:10     | Reached skill level 5 in Evocations
 13617 | D:10     | Found a snail-covered altar of Cheibriados.
 13881 | D:10     | Reached skill level 3 in Ranged Weapons
 15008 | D:11     | Learned a level 5 spell: Borgnjor's Vile Clutch
 15073 | D:11     | Reached skill level 1 in Earth Magic
 15491 | D:11     | Found a staircase to the Orcish Mines.
 16132 | D:11     | Reached skill level 5 in Earth Magic
 16556 | D:11     | Noticed a soul eater
 17154 | D:12     | Noticed a two-headed ogre
 17160 | D:12     | Killed a two-headed ogre
 17161 | D:12     | Reached skill level 4 in Ranged Weapons
 17509 | D:12     | Noticed a centaur warrior
 17616 | Lair:1   | Entered Level 1 of the Lair of Beasts
 17616 | Lair:1   | Noticed Prince Ribbit
 17621 | Lair:1   | Reached XP level 12. HP: 64/64 MP: 10/31
 17624 | Lair:1   | Killed Prince Ribbit
 17625 | Lair:1   | Reached skill level 1 in Ice Magic
 17765 | Lair:1   | Reached skill level 5 in Ranged Weapons
 18689 | Lair:1   | Noticed a boulder beetle
 18699 | Lair:1   | Killed a boulder beetle
 18700 | Lair:1   | Reached skill level 6 in Ranged Weapons
 18814 | Lair:1   | You fall into a shaft and drop 1 floor!
 19756 | Lair:1   | Reached skill level 7 in Ranged Weapons
 19890 | Lair:1   | Reached skill level 5 in Fighting
 20183 | Lair:2   | Noticed a five-headed hydra
 20218 | Lair:2   | Found a stormy altar of Qazlal.
 20667 | Lair:2   | Killed a five-headed hydra
 21005 | Lair:2   | Learned a level 4 spell: Anguish
 21012 | Lair:2   | Learned a level 6 spell: Death Channel
 21150 | Lair:2   | Noticed an eight-headed hydra
 21158 | Lair:2   | Killed an eight-headed hydra
 21159 | Lair:2   | Reached skill level 8 in Ranged Weapons
 21433 | Lair:2   | Reached XP level 13. HP: 73/73 MP: 27/32
 21734 | Lair:3   | Noticed Toastz's ghost (journeyman DjVM)
 21737 | Lair:3   | Found a runed translucent door.
 22022 | Lair:3   | Found a hole to the Spider Nest.
 22822 | Lair:3   | Found a staircase to the Shoals.
 23283 | Lair:4   | Found a staircase to the Slime Pits.
 23581 | Lair:4   | Found a viscous altar of Jiyva.
 24267 | Lair:4   | Reached skill level 9 in Ranged Weapons
 25020 | Lair:4   | Learned a level 1 spell: Apportation
 25845 | Lair:5   | Entered Level 5 of the Lair of Beasts
 25866 | Lair:5   | Reached skill level 10 in Ranged Weapons
 26876 | Lair:5   | Reached skill level 10 in Earth Magic
 26893 | Lair:5   | Reached XP level 14. HP: 62/78 MP: 10/34
 29170 | Lair:5   | Reached skill level 11 in Ranged Weapons
 29364 | Lair:5   | Reached skill level 10 in Armour
 30137 | Lair:5   | Identified the +6 hand axe "Elf's Curse" {vorpal, rElec}
 30706 | Orc:1    | Entered Level 1 of the Orcish Mines
 30706 | Orc:1    | Found Ynesel's Magic Scroll Shop.
 31155 | Orc:1    | Reached skill level 15 in Spellcasting
 31453 | Orc:2    | Entered Level 2 of the Orcish Mines
 32714 | Orc:2    | Found a staircase to the Elven Halls.
 33330 | Orc:2    | Reached skill level 12 in Ranged Weapons
 33432 | Orc:2    | Reached XP level 15. HP: 82/82 MP: 31/36
 33905 | Orc:2    | Found Wyeviceff's General Store.
 33905 | Orc:2    | Found Licaoxy's Antique Weapon Shoppe.
 33907 | Orc:2    | Found Soomin's Armour Boutique.
 33907 | Orc:2    | Found Ulaokhlia's Book Shoppe.
 34354 | Orc:2    | Bought a book of Touch for 364 gold pieces
 34359 | Orc:2    | Learned a level 4 spell: Dispel Undead
 34603 | Lair:2   | Killed Toastz's ghost
 35450 | D:12     | Reached skill level 1 in Transmutations
 36367 | D:13     | Found a blossoming altar of Fedhas.
 38637 | D:14     | Found Lyagg's General Store.
 39130 | D:14     | Noticed Rupert
 39305 | Spider:1 | Entered Level 1 of the Spider Nest
 39385 | Spider:1 | Noticed an emperor scorpion
 39401 | Spider:1 | Noticed Mlioglotl
 39408 | Spider:1 | Killed an emperor scorpion
 39423 | Spider:1 | Killed Mlioglotl
 39552 | Spider:1 | Found a frozen archway.
 39559 | Spider:1 | Reached skill level 10 in Evocations
 41306 | D:14     | Noticed Azrael
 41316 | D:14     | Killed Azrael
 41713 | Shoals:1 | Entered Level 1 of the Shoals
 41713 | Shoals:1 | Found Alouluosk's Distillery.
 43207 | Shoals:1 | Reached skill level 1 in Conjurations
 43379 | Shoals:1 | Reached skill level 1 in Air Magic
 43379 | Shoals:1 | Reached XP level 16. HP: 88/88 MP: 21/38
 43916 | Shoals:2 | Noticed Jorgrun
 44101 | Shoals:2 | Reached skill level 5 in Ice Magic
 44318 | Shoals:2 | Found Afaef's Magic Scroll Shop.
 44342 | Shoals:2 | Bought a scroll of amnesia for 56 gold pieces
 44466 | Shoals:2 | Found Uwigat's Armour Shoppe.
 44528 | Shoals:2 | Found Celiow's Book Boutique.
 44529 | Shoals:2 | Found Buyss's Antique Weapon Shoppe.
 45088 | Shoals:2 | Found Othrem's Armour Shop.
 45538 | Shoals:2 | Bought a bloodstained shortbow for 192 gold pieces
 45538 | Shoals:2 | Identified the +7 shortbow "Aderghuu" {vorpal, rElec rPois
                  | Int-4 Dex+5} (You bought it in a shop on level 2 of the
                  | Shoals)
 45957 | D:14     | Killed Rupert
 46181 | D:14     | Found a gate to the Vaults.
 46686 | D:15     | Entered Level 15 of the Dungeon
 46986 | D:13     | Learned a level 5 spell: Freezing Cloud
 47413 | D:14     | Reached skill level 5 in Conjurations
 48219 | D:14     | Identified the +7 chain mail "Booqonib" {Str+5 Stlth+}
 48304 | D:14     | Reached skill level 5 in Air Magic
 50772 | D:15     | Found Xyost's Assorted Antiques.
 51405 | D:15     | Found a staircase to the Depths.
 51561 | D:15     | Reached XP level 17. HP: 38/97 MP: 4/39
 52466 | Elf:1    | Entered Level 1 of the Elven Halls
 52811 | Elf:1    | Reached skill level 1 in Fire Magic
 54960 | Elf:2    | Reached skill level 13 in Ranged Weapons
 55478 | Elf:2    | Found a runed translucent gate.
 55478 | Elf:2    | Found a runed translucent gate.
 55478 | Elf:2    | Found a runed translucent gate.
 56552 | Elf:2    | Reached skill level 5 in Fire Magic
 57028 | Elf:3    | Entered Level 3 of the Elven Halls
 57219 | Elf:3    | Found Faig Ylu's Antique Armour Shop.
 57552 | Elf:1    | Identified the +9 great mace of Tiqius {flame, rElec rC-
                  | rCorr Str+4}
 57558 | Elf:1    | Reached skill level 10 in Ice Magic
 58111 | Spider:1 | Reached skill level 14 in Ranged Weapons
 58307 | Spider:1 | Identified the -2 robe of Beogh's Displeasure {-Cast +Blink
                  | rPois SInv}
 58308 | Spider:1 | Identified the +1 pair of gloves of the Storm King {+Inv
                  | Int-2 Dex+3}
 58967 | Spider:2 | Reached XP level 18. HP: 106/106 MP: 30/40
 62714 | Spider:3 | Reached skill level 10 in Fighting
 62930 | Spider:3 | Noticed Donald
 62939 | Spider:3 | Killed Donald
 63258 | Spider:3 | Found a runed translucent door.
 63260 | Spider:3 | Noticed iishen's ghost (adept CeHu)
 63486 | Spider:3 | Killed iishen's ghost
 63487 | Spider:3 | Reached skill level 15 in Ranged Weapons
 63846 | Spider:4 | Entered Level 4 of the Spider Nest
 66520 | Spider:4 | Reached skill level 10 in Fire Magic
 67423 | Spider:4 | Got a gossamer rune of Zot
 67431 | Spider:4 | Learned a level 5 spell: Lee's Rapid Deconstruction
 68027 | Shoals:2 | Killed Jorgrun
 68445 | D:4      | Bought Riher's Discursus on the Volcanoes for 484 gold
                  | pieces
 68451 | D:4      | Learned a level 5 spell: Fireball
 68720 | Shoals:3 | Noticed Polyphemus
 68723 | Shoals:3 | Reached XP level 19. HP: 90/107 MP: 10/41
 69988 | Shoals:3 | Reached skill level 16 in Ranged Weapons
 70190 | Shoals:3 | Killed Polyphemus
 70507 | Shoals:3 | Identified the +1 robe of Hydieqesch {rPois rN+ Int+3
                  | Dex+2}
 70879 | Shoals:4 | Entered Level 4 of the Shoals
 72067 | Shoals:4 | Paralysed by a sphinx for 3 turns
 72363 | Shoals:4 | Got a barnacled rune of Zot
 72962 | Shoals:4 | Identified the +0 pair of gloves of Beogh's Esteem {Harm
                  | rPois rF- Slay+4}
 74177 | Abyss:2  | Cast into level 2 of the Abyss (a deep elf demonologist)
 74344 | Abyss:2  | Found a corrupted altar of Lugonu.
 74383 | Elf:3    | Escaped the Abyss
 74400 | Elf:3    | Reached skill level 17 in Ranged Weapons
 74754 | Vaults:1 | Entered Level 1 of the Vaults
 76677 | Vaults:1 | Reached XP level 20. HP: 72/121 MP: 22/42
 77785 | Vaults:1 | Reached skill level 1 in Shields
 78246 | Vaults:2 | Noticed Aizul
 78262 | Vaults:2 | Killed Aizul
 79689 | Vaults:2 | Reached skill level 5 in Dodging
 79944 | Vaults:2 | Noticed Xtahua
 81721 | Vaults:3 | Found Wiwyofuf's Assorted Antiques.
 81908 | Vaults:3 | Noticed a bone dragon
 81919 | Vaults:3 | Reached skill level 10 in Dodging
 81930 | Vaults:3 | Killed a bone dragon
 83119 | Vaults:3 | Found a staircase to the Crypt.
 83119 | Vaults:3 | Found an ancient bone altar of Kikubaaqudgha.
 83119 | Vaults:3 | Found a basalt altar of Yredelemnul.
 83405 | Vaults:3 | Learned a level 7 spell: Ozocubu's Refrigeration
 83618 | Vaults:4 | Reached XP level 21. HP: 94/126 MP: 19/43
 83917 | Vaults:4 | Found a crumbling gateway.
 84033 | Desolati | Entered the Desolation of Salt
 84062 | Desolati | HP: 2/283 [ragged hierophant/a resonance strike (36)]
 84062 | Desolati | Killed from afar by a guardian serpent

Illustrated notes

Levels and vault maps discovered:
D:1:      grunt_arrival_lava_bath, layout_loops_cross,
          chequers_serial_rivers_micro_a, amcnicky_mini_corridor_feature,
          minivault_27
D:2:      layout_basic, minmay_tromino_v4_a
D:3:      layout_rooms, shapermc_ecumenical_altar_mp_urbaneastern, uniq_natasha
D:4:      layout_basic, demons_altar, enter_ossuary_5, nicolae_shop_fire_sale
          [nicolae_sub_dead_trees], uniq_grinder
D:5:      minmay_spotlight, layout_loops_corners, uniq_blork_the_orc
D:6:      layout_layer_cave, dk_noncrumbling_3
D:7:      layout_loops_cross, minmay_temple_entry_steel_oval, serial_shops,
          nicolae_diamond_shop, uniq_maggie
D:8:      layout_rooms, mainiacjoe_overflow_tiny_flanked,
          nicolae_ru_sacrificial_ziggurat,
          chequers_temple_overflow_statue_of_worship,
          chequers_serial_rivers_micro_a, hellmonk_bongcloud_opening
D:9:      layout_irregular_city, uniq_amaemon, uniq_erolcha, uniq_maurice,
          uniq_pikel
D:10:     layout_roguey, chei_slow_surprise, lair_entry_dummy, bh_circular_ruins
D:11:     layout_loops_cross, zombieorc2_lemuel
D:12:     layout_loops_ring
D:13:     layout_long_grid, minmay_misc_feat_alley, fedhas_altar_4
D:14:     minmay_cut_squares, layout_basic, skrybe_vaults_entry_preservation,
          minmay_misc_feat_square, serial_shops, nicolae_shop_waterfront,
          uniq_azrael, uniq_rupert
D:15:     gammafunk_depths_entry_grave, layout_long_grid, serial_shops, shop,
          minmay_misc_feat_four_crosses, minmay_starry_boxes
Temple:   minmay_freezing_vapour_temple
Lair:1:   layout_big_grid, minmay_lair_oklob_items, beast_lair_carwin_10,
          uniq_prince_ribbit2
Lair:2:   layout_layer_cave, basic_altar, grunt_megastairs_3,
          serial_bayou_shore_b
Lair:3:   layout_layer_cave, shoals_dummy_entry, spider_nest_entry_web_field,
          hellmonk_ghost_happy_afterlife, beast_lair_carwin_3,
          infiniplex_staircase_pool_2, lemuel_fruit_tree
Lair:4:   nzn_winding_woodlands_large [nzn_winding_woodlands_5x5_checkerboard,
          nzn_winding_woodlands_5x15_pool, nzn_winding_woodlands_5x5_cross,
          nzn_winding_woodlands_center_triple_pond,
          nzn_winding_woodlands_15x15_five_gardens,
          nzn_winding_woodlands_center_lodge,
          nzn_winding_woodlands_5x5_open_star,
          nzn_winding_woodlands_5x15_longhouse,
          nzn_winding_woodlands_5x5_closed_star], layout_regular_city,
          minmay_slime_entry_pillars, serial_bayou_shore_a,
          infiniplex_staircase_pool
Lair:5:   grunt_lair_end_beastmaster, layout_hall_layers,
          nicolae_volcano_entry_vermiform, eino_house_with_fridge
Shoals:1: layout_shoals, serial_shops, shop,
          nicolae_shoals_stone_sculpture_thing, nicolae_shoals_goliath_grotto
Shoals:2: layout_shoals, serial_shops, shop, shop, shop, nicolae_shop_trees,
          shop, uniq_jorgrun
Shoals:3: layout_shoals, nicolae_shoals_wave_tunnel, uniq_polyphemus
Shoals:4: shoals_end_hellmonk_lost_city
Spider:1: layout_spider_delve, portal_ice_cave_entry_pillars_1,
          hellmonk_motheaten_closet, uniq_mlioglotl
Spider:2: layout_spider_delve, drop_trap, worms_lemuel
Spider:3: layout_chambers, gammafunk_ghost_grave, uniq_donald
Spider:4: spider_rune_water, hellmonk_narrow_tunnel
Orc:1:    layout_caves, basic_altar, serial_shops, shop
Orc:2:    grunt_orc_tribal_feast, layout_caves
Elf:1:    nicolae_elf_arrival_fired_up, layout_geoelf_diagonals,
          evilmike_minifort
Elf:2:    elven_hall_of_blades_hangedman_original [nicolae_blade_tridents],
          layout_geoelf_grid
Elf:3:    grunt_elf_hall_spiral, layout_geoelf_grid, serial_shops, shop,
          nicolae_elf_big_sculpture_3, minivault_19
Vaults:1: nicolae_vaults_ninety_degrees, v_misc_27, hangedman_vaults_trim,
          hangedman_vaults_slice, hangedman_vaults_corner,
          vaults_room_grunt_arrival_ludios, grunt_vaults_focal,
          vaults_room_large_hall, grunt_vaults_hallway_short,
          layout_vaults_chaotic_city
Vaults:2: nicolae_vaults_stairing_the_circle, v_alt_pattern_5,
          nicolae_vaults_ring_of_whatevers, vaults_room_ringed_pool,
          ontoclasm_vaults_hangar, v_misc_10, nicolae_vaults_an_arrangement,
          v_pattern_2, vaults_room_grid, layout_vaults_ring, uniq_xtahua,
          uniq_aizul
Vaults:3: ontoclasm_vaults_decontamination, nicolae_vaults_big_ls, v_misc_4,
          vaults_room_pool, hangedman_vaults_maws, ontoclasm_vaults_chip,
          layout_vaults_quadrants, minmay_crypt_entry_necro_gods,
          serial_hangedman_research, hangedman_research_thanatology,
          serial_shops, shop
Vaults:4: portal_desolation_entry_ruin, nicolae_vaults_asterisk, v_misc_10,
          nicolae_vaults_little_squares_2, v_misc_30, hangedman_vaults_cutoff,
          v_pattern_5, vaults_room_large_hall, hangedman_vaults_river_flow,
          nicolae_vaults_rhombus_7, ontoclasm_vaults_bender,
          vaults_standard_mumra_x, nicolae_vaults_theta, v_misc_23,
          nicolae_vaults_little_squares_6, layout_vaults_omnibox
Desolation

Skill      XL: |  1  2  3  4  5  6  7  8  9 10 11 12 13 14 15 16 17 18 19 20 21 |
---------------+----------------------------------------------------------------+-----
Necromancy     | 5 6 7 8 9 10 11 12 13 14 | 14.5
Spellcasting   | 4 5 6 7 8 9 11 12 13 14 15 16 | 16.7
Armour         | 1 3 4 5 6 7 8 9 10 11 12 | 12.0
Fighting       | 3 5 6 8 9 10 11 | 11.8
Hexes          | 2 5 |  5.6
Summonings     | 1 4 |  4.7
Evocations     | 1 4 5 7 9 10 | 10.2
Ranged Weapons | 4 8 10 12 14 15 17 | 17.6
Earth Magic    | 6 8 10 11 | 11.9
Ice Magic      | 2 4 8 10 13 14 | 14.0
Transmutations | 4 |  4.1
Conjurations   | 1 6 8 |  8.0
Air Magic      | 1 6 |  6.1
Fire Magic     | 6 10 13 | 13.9
Shields        | 4 |  4.0
Dodging        | 10 | 10.0
Stealth        | |  2.4

Action                   |  1- 3 |  4- 6 |  7- 9 | 10-12 | 13-15 | 16-18 | 19-21 || total
-------------------------+-------+-------+-------+-------+-------+-------+-------++-------
Melee: Whip              |       |    10 |       |       |       |       |       ||    10
       War axe           |       |    14 |   178 |   239 |    37 |       |       ||   468
       Punch             |       |       |     3 |     3 |       |       |     1 ||     7
       Scimitar          |       |       |    12 |   132 |     4 |     1 |       ||   149
       Staff             |       |       |       |       |    23 |       |     1 ||    24
       Hand axe          |       |       |       |       |    12 |       |       ||    12
       Great mace        |       |       |       |       |       |     5 |       ||     5
       Long sword        |       |       |       |       |       |     1 |    18 ||    19
 Fire: Sling             |     9 |    56 |    77 |    22 |     1 |       |       ||   165
       Shortbow          |       |       |       |   193 |   204 |   409 |    55 ||   861
       Longbow           |       |       |       |       |       |   397 |   418 ||   815
Throw: Stone             |       |       |     3 |       |       |       |       ||     3
       Dart              |       |       |     5 |    16 |    14 |     3 |     2 ||    40
       Boomerang         |       |       |       |       |     1 |       |       ||     1
       Javelin           |       |       |       |       |       |       |     8 ||     8
 Cast: Necrotise         |    57 |    24 |    77 |    38 |   205 |       |    58 ||   459
       Vampiric Draining |       |     8 |    61 |    73 |    39 |       |    14 ||   195
       Borgnjor's Vile C |       |       |       |    91 |   430 |   485 |   308 ||  1314
       Death Channel     |       |       |       |       |     4 |     2 |       ||     6
       Anguish           |       |       |       |       |     3 |       |       ||     3
       Apportation       |       |       |       |       |    29 |    79 |    51 ||   159
       Agony             |       |       |       |       |     8 |       |     4 ||    12
       Dispel Undead     |       |       |       |       |     3 |    13 |     2 ||    18
       Freezing Cloud    |       |       |       |       |       |    97 |   113 ||   210
       Summon Guardian G |       |       |       |       |       |     1 |       ||     1
       Fireball          |       |       |       |       |       |     1 |       ||     1
       Lee's Rapid Decon |       |       |       |       |       |       |     2 ||     2
Invok: Potion Petition   |       |       |       |       |     5 |     8 |    14 ||    27
 Abil: Evoke Invisibilit |       |       |       |       |       |     4 |       ||     4
Evoke: Wand              |       |       |     3 |     8 |    10 |     9 |     2 ||    32
       Piece from Xom's  |       |       |       |     3 |       |       |       ||     3
       Phial of floods   |       |       |       |       |       |       |     1 ||     1
  Use: Scroll            |     5 |     2 |     9 |     3 |    16 |    10 |     8 ||    53
       Potion            |       |     1 |     2 |     8 |     8 |     7 |     5 ||    31
 Stab: Sleeping          |       |     3 |     1 |       |       |       |       ||     4
       Distracted        |       |       |       |     2 |     1 |       |       ||     3
Armor: Robe              |       |     1 |     4 |       |       |       |       ||     5
       Leather armour    |       |       |    45 |       |       |       |       ||    45
       Acid dragon scale |       |       |    50 |   252 |   160 |   133 |   154 ||   749
       Ring mail         |       |       |     1 |       |       |       |       ||     1
       Skin              |       |       |       |       |     4 |       |    58 ||    62
Dodge: Dodged            |     3 |    18 |   208 |   333 |   180 |   130 |   211 ||  1083
Block: Kite shield       |       |       |       |       |       |       |    30 ||    30
       Reflection        |       |       |       |       |       |       |    12 ||    12
